 Dungeon Crawl Stone Soup version 0.27-a0-1312-g5cdb2b3542 (webtiles) character file.

Game seed: 16025442340487897331

275 sanka the Skirmisher (level 6, -5/44 HPs)
             Began as an Octopode Monk on June 20, 2021.
             Slain by an orc (6 damage)
             ... on level 3 of the Dungeon.
             The game lasted 00:04:45 (3826 turns).

sanka the Skirmisher (Octopode Monk)                Turns: 3826, Time: 00:04:46

Health: -5/44      AC:  1    Str: 11    XL:     6   Next: 25%
Magic:  6/6        EV: 15    Int: 12    God:
Gold:   159        SH:  0    Dex: 16    Spells: 5/5 levels left

rFire    . . .     SeeInvis .     - Unarmed
rCold    . . .     Faith    .   (no shield)
rNeg     . . .     Spirit   .   (helmet restricted)
rPois    .         Reflect  .   (no amulet)
rElec    .         Harm     .   (no ring)
rCorr    .         Rampage  .   (no ring)
Will     .....                  (no ring)
Stlth    +++.......             (no ring)
HPRegen  0.14/turn              (no ring)
MPRegen  0.10/turn              (no ring)
                                (no ring)
                                (no ring)

@: no status effects
A: almost no armour, amphibious, 8 rings, camouflage 1, gelatinous body 1,
(nimble swimmer 1), tentacles
a: no special abilities


You were on level 3 of the Dungeon.
You visited 1 branch of the dungeon, and saw 4 of its levels.

You collected 159 gold pieces.


Innate Abilities, Weirdness & Mutations

You cannot wear most types of armour.
You are amphibious.
You can wear up to eight rings at the same time.
Your skin changes colour to match your surroundings (Stealth+).
Your rubbery body absorbs attacks. (AC +1, EV +1)
((You are camouflaged near water. (Stealth+)))
You have tentacles for arms and can constrict up to eight enemies at once.


   Skills:
 + Level 4.6 Fighting
 + Level 4.5 Dodging
 - Level 2.6 Stealth
 + Level 4.5 Unarmed Combat


You had 5 spell levels left.
You didn't know any spells.
Your spell library was empty.

Inventory:

Wands
 i - a wand of acid (6)
Scrolls
 a - a scroll of noise {unknown}
 b - a scroll of amnesia {unknown}
 e - 3 scrolls of teleportation {unknown}
 f - a scroll of vulnerability {unknown}
 j - a scroll of magic mapping {unknown}
 k - a scroll of acquirement {unknown}
 m - 4 scrolls of identify {unknown}
Potions
 c - a potion of brilliance {unknown}
 d - 2 potions of lignification {unknown}
 g - a potion of degeneration {unknown}
 h - 3 potions of attraction {unknown}
 l - a potion of heal wounds {unknown}

Dungeon Overview and Level Annotations

Branches:
Dungeon (4/15)
 Temple: D:4-7

Altars:

Shops:
D:3 !

Annotations:
D:3 Natasha

▒......▒.......▒
▒......▒.......▒
▒......▒.▒▒▒...▒▒
▒.........≈.....▒▒
▒.........≈.......
▒▒▒▒▒▒▒▒▒.▒▒...≈.......
▒▒.....▒.....▒.▒≈▒...▒▒▒
▒▒.....oo.......▒≈▒.....▒
▒......ox.......▒≈▒...▒..
▒.......).......▒▒▒..▒...
▒......................▒.
▒........................
▒..................▒▒.▒▒.
▒▒..................▒....
▒▒.....▒...........[....
▒▒▒▒▒▒▒▒▒▒▒▒▒....▒▒▒▒..
▒....▒ ▒▒.


You could see an orc wizard and 2 orcs.


Message History

Unknown command.
Unknown command.
You barely miss the orc priest. You grab the orc priest.
You constrict the orc priest. The orc wizard barely misses you.
The orc closely misses you. The orc completely misses you.
The orc priest hits you with a +0 falchion.
* * * LOW HITPOINT WARNING * * *
You barely miss the orc priest. You squeeze the orc priest.
The orc priest is moderately wounded.
You constrict the orc priest. The orc wizard misses you.
The orc completely misses you. The orc completely misses you.
The orc priest hits you with a +0 falchion.
* * * LOW HITPOINT WARNING * * *
You tentacle-slap the orc priest but do no damage.
The orc priest is moderately wounded.
You constrict the orc priest.
The orc wizard points at you and mumbles some strange words.
The puff of flame misses you.
The puff of flame hits the orc priest.
The orc priest dies!
The orc hits you with a +0 flail!
* * * LOW HITPOINT WARNING * * *
The orc hits you with a +0 mace.
You die...

Action                   |  1- 3 |  4- 6 || total
-------------------------+-------+-------++-------
Melee: Unarmed           |    78 |    95 ||   173
       Constrict         |    15 |    23 ||    38
       Tentacles         |    13 |    27 ||    40
       Punch             |     1 |     3 ||     4
 Stab: Sleeping          |    16 |     1 ||    17
Armor: Skin              |     3 |     5 ||     8
Dodge: Dodged            |    39 |    67 ||   106

Levels and vault maps discovered:
D:1:      psy_arrival_dodecagon, layout_basic
D:2:      layout_basic, basic_ecumenical_altar, kennysheep_generic_room_6
D:3:      layout_rooms, serial_rivers, chequers_serial_rivers_micro_b,
          chequers_serial_rivers_room_b, chequers_serial_rivers_marsh,
          chequers_serial_rivers_micro_d, serial_shops, shop, uniq_natasha
D:4:      layout_rooms, lemuel_coloured_pillars_altar, serial_shops, shop,
          nicolae_lakefront_shop, nicolae_take_the_stairs, nicolae_shop_crystal,
          nrook_mini_backslash

Notes
Turn   | Place    | Note
-------+----------+-------------------------------------------
     0 | D:1      | sanka the Octopode Monk began the quest for the Orb.
     0 | D:1      | Reached XP level 1. HP: 16/16 MP: 1/1
   118 | D:1      | Reached XP level 2. HP: 12/21 MP: 2/2
   651 | D:1      | Reached XP level 3. HP: 18/26 MP: 3/3
  1591 | D:2      | Found a faded altar of an unknown god.
  2005 | D:2      | Reached XP level 4. HP: 32/32 MP: 4/4
  2346 | D:3      | Reached skill level 4 in Fighting
  2346 | D:3      | Reached skill level 4 in Dodging
  2346 | D:3      | Reached skill level 4 in Unarmed Combat
  2346 | D:3      | Reached XP level 5. HP: 17/37 MP: 5/5
  2640 | D:3      | Found Hall's Distillery.
  2995 | D:3      | Noticed Natasha
  3011 | D:3      | Killed Natasha
  3536 | D:3      | Noticed Natasha
  3704 | D:4      | Reached XP level 6. HP: 34/44 MP: 6/6
  3826 | D:3      | HP: 1/44 [orc (10)]
  3826 | D:3      | Slain by an orc

Vanquished Creatures
  A scorpion (D:4)
  A bullfrog zombie (D:3)
  An orc priest (D:3)
  Natasha (D:3)
  An orc wizard (D:3)
  2 adders
  An adder skeleton (D:4)
  2 dart slugs
  3 orcs (D:3)
  4 ball pythons
  9 endoplasms
  A giant cockroach (D:1)
  4 goblins
  2 hobgoblins
  11 jackals
  10 kobolds
  5 quokkas
  6 bats
  7 frilled lizards
  3 rats (D:3)
75 creatures vanquished.

Vanquished Creatures (others)
  An orc priest (D:3)
1 creature vanquished.

Grand Total: 76 creatures vanquished
